 Dungeon Crawl Stone Soup version 0.30-a0-728-gc68057be0a (webtiles) character file.

Game seed: 12074050519390603231

1174 Dittersdorf the Covered (level 8, 0/51 HPs)
             Began as a Gargoyle Fighter on Jan 31, 2023.
             Slain by Blork the orc
             ... wielding a +0 scimitar
              (6 damage)
             ... on level 4 of the Dungeon.
             The game lasted 00:09:11 (4949 turns).

Dittersdorf the Covered (Gargoyle Fighter)          Turns: 4949, Time: 00:09:11

Health: 0/51       AC: 24    Str: 24    XL:     8   Next: 41%
Magic:  8/8        EV:  8    Int:  9    God:
Gold:   352        SH:  5    Dex:  9    Spells: 7/7 levels left

rFire   + . .      SeeInvis .    a - +0 flail
rCold   . . .      Faith    .    c - +0 buckler
rNeg    + . .      Spirit   .    E - +6 chain mail of Wulad {rCorr Str+2}
rPois   ∞          Reflect  .    A - +0 helmet
rElec   +          Harm     .    e - +0 cloak
rCorr   +          Rampage  .    (no gloves)
Will    .....                    (no boots) Stlth
                                 (no amulet)
HPRegen 0.28/turn                o - ring of protection from fire
MPRegen 0.11/turn                (no ring)

@: no status effects
A: sickness immunity, AC +5, negative energy resistance 1, electricity
resistance, torment resistance 1, petrification resistance
a: no special abilities


You were on level 4 of the Dungeon.
You visited 1 branch of the dungeon, and saw 5 of its levels.

You collected 352 gold pieces.

Inventory:

Hand Weapons
 a - a +0 flail (weapon)
Missiles
 x - 2 throwing nets (quivered)
Armour
 c - a +0 buckler (worn)
 e - a +0 cloak (worn)
 A - a +0 helmet (worn)
 E - the +6 chain mail of Wulad (worn) {rCorr Str+2}
   (You found it on level 4 of the Dungeon)

   Str:       It affects your strength (+2).
   rCorr:     It protects you from acid and corrosion.
Jewellery
 o - a ring of protection from fire (left hand)
Scrolls
 b - a scroll of enchant weapon {unknown}
 f - 2 scrolls of torment {unknown}
 g - a scroll of enchant armour {unknown}
 i - a scroll of brand weapon {unknown}
 j - a scroll of blinking {unknown}
 l - 2 scrolls of amnesia {unknown}
 q - a scroll of poison {unknown}
 r - 2 scrolls of teleportation {unknown}
 s - a scroll of summoning {unknown}
 u - a scroll of vulnerability {unknown}
 v - a scroll of silence
 D - a scroll of identify
Potions
 d - a potion of might
 h - 2 potions of invisibility
 k - 2 potions of magic
 m - a potion of lignification {unknown}
 n - 2 potions of heal wounds
 p - 2 potions of curing {unknown}
 z - 2 potions of brilliance {unknown}
 B - a potion of ambrosia {unknown}
 C - 2 potions of degeneration {unknown}


   Skills:
 + Level 6.2 Fighting
 + Level 5.1 Maces & Flails
 + Level 6.3 Armour
 + Level 6.2 Shields


You had 7 spell levels left.
You didn't know any spells.
Your spell library contained the following spells:

 Spells                   Type           Power      Damage    Failure   Level
 Beastly Appendage        Tmut           0%         N/A       97%         1
 Wereblood                Tmut           0%         N/A       99%         2
 Spider Form              Tmut/Pois      0%         N/A       100%        3
 Petrify                  Tmut/Erth      0%         N/A       100%        4
 Irradiate                Conj/Tmut      0%         3d11      100%        5
 Sublimation of Blood     Necr           Unusable   N/A       N/A         2

Dungeon Overview and Level Annotations

Branches:
Dungeon (5/15)
 Temple: D:4-7

Altars:
Zin

Shops:
D:4 ?

Annotations:
D:4 Blork the orc
D:5 Dowan


Innate Abilities, Weirdness & Mutations

You are immune to sickness and miasma.
Your stone body is resilient. (AC +5)
You are immune to poison.
You resist negative energy. (rN+)
You are resistant to electric shocks. (rElec)
You are resistant to unholy torment.
You are immune to petrification.


Message History

The puff of flame hits you but does no damage.
Dowan mumbles some strange words.
Dowan blinks!
Blork the orc casts a spell.
Blork the orc seems to speed up.
Blork the orc zaps a wand.
The puff of flame hits you. You resist.
Dowan gestures wildly while chanting.
Dowan blinks!
Blork the orc casts a spell at you.
The puff of flame hits you but does no damage.
You resist.
Blork the orc screams, "I'll make a cloak from your skin!"
Blork the orc casts a spell at you. The puff of frost hits you!
Blork the orc zaps a wand.
The puff of flame hits you but does no damage.
You resist.
Dowan gestures wildly while chanting.
Dowan blinks!
Blork the orc points at you and mumbles some strange words.
The puff of frost hits you!
* * * LOW HITPOINT WARNING * * *
Blork the orc screams, "I'll rip your head off!"
Blork the orc points at you and mumbles some strange words.
The puff of frost hits you but does no damage.
There is a stone staircase leading up here.
Blork the orc hits you with a +0 scimitar.
* * * LOW HITPOINT WARNING * * *
You climb upwards.
There is a stone staircase leading down here.
You thump Blork the orc!
Blork the orc is moderately wounded.
Blork the orc hits you with a +0 scimitar.
* * * LOW HITPOINT WARNING * * *
Blork the orc hits you but does no damage.
You closely miss Blork the orc.
Blork the orc is moderately wounded.
Blork the orc completely misses you.
Blork the orc hits you with a +0 scimitar.
You die...

##### ####### ....## ##....@##
.....# ##....[.o## .....#
#)........# ...#.# #......>..#
...#.# #.........#
...#.#####.........#######
.........................##
..................#..~~~..##
....................~~8~~..######


You could see Blork the orc (fast).

Vanquished Creatures
  Sigmund (D:2)
  Duvessa (D:5)
  An ogre (D:3)
  A kobold brigand (D:4)
  A howler monkey (D:3)
  2 hounds
  2 orc priests (D:3)
  An iguana (D:4)
  4 orc wizards (D:3)
  17 gnolls (D:3)
  11 adders
  A shadow imp (D:3)
  An ufetubus (D:3)
  2 worms (D:2)
  2 dart slugs
  48 orcs
  9 ball pythons
  3 bats
  7 endoplasms
  3 giant cockroaches
  A goblin (D:2)
  6 hobgoblins
  12 jackals (D:3)
  5 quokkas
  6 frilled lizards
  7 kobolds
  7 rats
162 creatures vanquished.

Vanquished Creatures (others)
  An orc wizard (D:3)
  2 plants (D:3)
3 creatures vanquished.

Grand Total: 165 creatures vanquished

Notes
Turn   | Place    | Note
-------+----------+-------------------------------------------
     0 | D:1      | Dittersdorf the Gargoyle Fighter began the quest for the
                  | Orb.
     0 | D:1      | Reached XP level 1. HP: 14/14 MP: 1/1
   172 | D:1      | Reached XP level 2. HP: 19/19 MP: 2/2
   243 | D:1      | Found a faded altar of an unknown god.
   690 | D:2      | Reached XP level 3. HP: 24/24 MP: 3/3
  1051 | D:2      | Noticed Sigmund
  1063 | D:2      | Killed Sigmund
  1064 | D:2      | Reached XP level 4. HP: 19/30 MP: 4/4
  1064 | D:2      | Reached XP level 5. HP: 21/34 MP: 5/5
  1647 | D:3      | Reached XP level 6. HP: 39/39 MP: 6/6
  2616 | D:3      | Reached skill level 5 in Armour
  2628 | D:3      | Reached skill level 5 in Fighting
  2628 | D:3      | Reached skill level 5 in Shields
  2643 | D:3      | Reached XP level 7. HP: 20/44 MP: 7/7
  2738 | D:3      | Found a glowing silver altar of Zin.
  2738 | D:3      | Noticed an angel
  3605 | D:3      | Reached XP level 8. HP: 51/51 MP: 8/8
  4122 | D:4      | Found Caghuo's Magic Scroll Shoppe.
  4399 | D:4      | Reached skill level 5 in Maces & Flails
  4581 | D:4      | Identified the +6 chain mail of Wulad {rCorr Str+2}
  4840 | D:5      | Entered Level 5 of the Dungeon
  4894 | D:5      | Noticed Dowan
  4894 | D:5      | Noticed Duvessa
  4900 | D:5      | Noticed Blork the orc
  4910 | D:5      | Killed Duvessa
  4949 | D:4      | Slain by Blork the orc

Illustrated notes

Levels and vault maps discovered:
D:1:      dpeg_arrival_yet_another_circle, layout_rooms,
          shapermc_ecumenical_altar_starsandcircs
D:2:      layout_loops_corners, uniq_sigmund
D:3:      lemuel_castle_with_subvaults [lemuel_castle_interior_original],
          layout_basic, zin_angel, minmay_quadrilaterals
D:4:      nicolae_cairo_tiling_large, layout_rooms, serial_shops, shop,
          wad_floor_pattern_2, moated_statue, chequers_serial_rivers_micro_c
D:5:      layout_basic, minmay_temple_entry_butterflies, uniq_blork_the_orc,
          uniq_crazy_yiuf_cottage, uniq_duvessa

Skill      XL: |  1  2  3  4  5  6  7  8 |
---------------+-------------------------+-----
Fighting       | 4 5 6 |  6.2
Maces & Flails | 3 4 5 |  5.1
Armour         | 4 5 6 |  6.3
Shields        | 4 5 6 |  6.2

Action                     |  1- 3 |  4- 6 |  7- 9 || total
---------------------------+-------+-------+-------++-------
  Melee: Flail             |   138 |   258 |   334 ||   730
    Use: Scroll            |       |       |     6 ||     6
 Armour: Scale mail        |    65 |   168 |    13 ||   246
         Chain mail        |       |       |   363 ||   363
  Dodge: Dodged            |    66 |   121 |   216 ||   403
  Block: Buckler           |    34 |    61 |   118 ||   213

Table legend: (Time is in decaauts)
 A = Elapsed time spent in this place.
 B = Non-inter-level travel time spent in this place.
 C = Inter-level travel time spent in this place.
 D = Time resting spent in this place.
 E = Time spent auto-exploring this place.
 F = Levels seen in this place.
 G = Mean time per level.
                   A        B        C        D        E       F      G
               +--------+--------+--------+--------+--------+-----+--------+
         Total |   5145 |   4874 |    271 |    532 |   2768 |   5 | 1029.0 |
       Dungeon |   5145 |   4874 |    271 |    532 |   2768 |   5 | 1029.0 |
               +--------+--------+--------+--------+--------+-----+--------+

Top non-repeatable levels by time:
     D:3: 2554 daAuts
     D:2: 976 daAuts
     D:4: 802 daAuts
     D:1: 701 daAuts
     D:5: 109 daAuts
